[Event "FRA-ch Teams Top 16-Bas 2022"]
[Site "Chartres"]
[Date "2022.06.19"]
[Round "11.3"]
[White "Heinz, Timothee"]
[Black "Van Foreest, Lucas"]
[Result "0-1"]
[ECO "D37"]
[WhiteElo "2381"]
[BlackElo "2572"]
[Annotator "TA"]
[PlyCount "99"]
[EventDate "2022.06.16"]
[EventType "team-tourn"]
[EventCountry "FRA"]
[SourceTitle "playchess.com"]
[Source "ChessBase"]
[SourceQuality "1"]
[TimeControl "40/5400+30:1800+30"]

1. d4 d5 2. Nf3 e6 3. c4 Nf6 4. Nc3 h6 5. Bf4 Bd6 6. Bxd6 {[%emt 0:02:36] D37: Queen's Gambit Declined: 5 Bf4.} Qxd6 $1 {[%emt 0:00:00] 6...Qxd6 is better than 6...cxd6.} 7. e3 O-O 8. Rc1 {[%emt 0:00:34] White is slightly better.} Qe7 9. Bd3 Rd8 10. Qc2 dxc4 11. Bxc4 {[%emt 0:00:30] [#]} b6 $146 ({Predecessor:} 11... c5 12. O-O cxd4 13. Nxd4 Bd7 14. Rfd1 Nc6 15. Bb5 Nxd4 16. Rxd4 Bxb5 17. Nxb5 a6 18. Rxd8+ Rxd8 19. Nc3 Qc7 20. h3 Qc4 21. Rd1 Rc8 22. Rd4 Qc7 {½-½ (23) Villegas,B-Guimard,C Mar del Plata 1942}) 12. O-O Bb7 13. Be2 Nbd7 14. Rfd1 c5 15. h3 Rac8 16. dxc5 Nxc5 17. Rxd8+ Rxd8 18. Rd1 Rc8 19. Qd2 Nd5 20. Qd4 Nxc3 21. Qxc3 Ne4 22. Qd4 Bd5 23. Ne1 (23. a3 $11) 23... Qh4 $17 24. Nd3 Rc4 $1 $36 {[%emt 0:00:00][%mdl 2048] Black is on the roll. Black is more active.} (24... Bxa2 25. g3 Qxh3 26. Nf4 (26. Qxe4 Bd5 $11) 26... Nxg3 27. Qd8+ Kh7 28. Qd3+ (28. Nxh3 Nxe2+ 29. Kg2 Rxd8 $11) 28... Qf5 29. fxg3 $16) 25. Qe5 Rc2 26. Re1 Rd2 ({Don't play} 26... Bxa2 $6 27. g3 Qxh3 28. Qxe4 $11) ({Resist} 26... Nxf2 27. Nxf2 Qb4 28. Nd3 $16) 27. g3 (27. a3 $17) 27... Qxh3 (27... Qd8 $19 28. h4 g5 29. hxg5 hxg5) 28. Nf4 Qf5 {[%emt 0:00:00] Chess con chili.} 29. Qxf5 exf5 30. Nxd5 Rxd5 31. Rd1 Rxd1+ 32. Bxd1 {[%emt 0:00:04][%mdl 4096] Endgame KB-KN} Kf8 33. Kg2 Ke7 34. Bc2 Kf6 35. Bb3 b5 36. Bd5 a5 37. Bc6 b4 38. Bb5 (38. Bd5 $17) 38... g5 39. Kf3 (39. Ba4 $142) 39... h5 $19 40. Kg2 Nd6 $1 41. Bd3 Ke6 42. Be2 Ne4 43. Bc4+ Kf6 (43... Ke7 $1 $17 {Hoping for ...Nc5.} 44. Be2 Nd6) 44. Bd3 $2 {[%emt 0:00:00][%mdl 8192] [#]} (44. Bb5 $1 $11 {and White has nothing to worry.}) 44... Nd6 $1 45. Be2 a4 46. Bd1 {[%emt 0:00:00] [#]} a3 47. bxa3 bxa3 48. f4 $2 ({Not} 48. Bxh5 $2 g4 49. Kf1 Kg5 50. Bxg4 fxg4 $19) (48. Bb3) 48... g4 49. Bb3 Ke7 50. Kf2 {[%emt 0:00:00] Weighted Error Value: White=0.42/Black=0.07 (flawless)} 0-1

[Event "FRA-ch Teams Top 16-Bas 2022"]
[Site "Chartres"]
[Date "2022.06.19"]
[Round "11.4"]
[White "Vlachos, Anatole"]
[Black "Dionisi, Thomas"]
[Result "1-0"]
[ECO "C70"]
[WhiteElo "2410"]
[BlackElo "2408"]
[Annotator "TA"]
[PlyCount "97"]
[EventDate "2022.06.16"]
[EventType "team-tourn"]
[EventCountry "FRA"]
[SourceTitle "playchess.com"]
[Source "ChessBase"]
[SourceQuality "1"]
[TimeControl "40/5400+30:1800+30"]

1. e4 e5 2. Nf3 Nc6 3. Bb5 a6 4. Ba4 Bc5 5. c3 Nge7 6. d4 {[%emt 0:00:43] C70: Ruy Lopez: 3...a6 4 Ba4, Norwegian and Delayed Schliemann.} exd4 7. cxd4 Bb4+ 8. Bd2 {[%emt 0:00:15] White is slightly better.} Bxd2+ 9. Qxd2 d5 10. exd5 Qxd5 11. O-O Be6 12. Nc3 {[%emt 0:00:57] [#]} Qa5 $146 ({Predecessor:} 12... Qh5 13. Ne5 O-O 14. Bd1 Qh4 15. Nf3 Qh6 16. Qxh6 gxh6 17. Bc2 Rad8 18. Be4 Rd6 {0-1 (32) Kuybokarov,T (2549)-Nihal,S (2652) Riga 2021}) 13. Ne5 O-O 14. Bxc6 Nxc6 15. Nxc6 bxc6 16. Rfe1 Rfd8 17. Rad1 Qb4 18. b3 h6 19. Na4 Qd6 20. Nc5 Bd5 21. f3 {[%emt 0:03:05] Black must now prevent Nb7.} Qf6 22. Re5 {[%emt 0:01:10] White is more active.} Re8 {[%emt 0:06:22] [#] This costs Black the game.} (22... Qg6 $16) 23. Rxe8+ $1 $18 Rxe8 24. Nxa6 Qd6 25. Nc5 Qg6 {[%emt 0:00:51] Hoping for ...Bxf3.} 26. Rf1 h5 27. a4 h4 28. h3 Be6 29. Kh1 Bf5 30. Re1 Rd8 31. Qf2 Qh6 32. a5 Qf4 33. a6 Rxd4 $2 (33... Rc8 {is a better defense.} 34. a7 Ra8) 34. Qe3 ({Not} 34. Re8+ Kh7 35. Qf1 Bxh3 $18) 34... Qg3 35. Qxd4 {[%emt 0:00:06] [#] White threatens Re8+ and mate.} Qxe1+ {[%emt 0:00:08][%mdl 4096] Endgame KQB-KQN} 36. Qg1 Qc3 (36... Qa5 $142 37. b4 Qa2) 37. a7 Qa5 38. Na4 (38. Nb7 $142 Qa6 39. Qc5) 38... Be6 39. Qe3 c5 40. Qxc5 Qe1+ 41. Qg1 Qa5 42. Qe3 Bd5 43. Qe8+ Kh7 44. Qe5 g6 $2 (44... Kg6 45. Nc3 Qa1+ 46. Kh2 Bb7) 45. Nc3 Qa1+ 46. Kh2 Bxf3 47. Qxc7 Kg7 48. gxf3 Qe1 49. Ne4 {[%emt 0:00:00] Weighted Error Value: White=0.14 (very precise) /Black=0.47} ({Stronger than} 49. a8=Q Qf2+ 50. Kh1 Qf1+ 51. Kh2 Qf2+ 52. Kh1 Qf1+ 53. Kh2 Qf2+ $11) 1-0

[Event "FRA-ch Teams Top 16-Bas 2022"]
[Site "Chartres"]
[Date "2022.06.19"]
[Round "11.5"]
[White "Marcelin, Cyril"]
[Black "Flom, Gabriel"]
[Result "1/2-1/2"]
[ECO "A43"]
[WhiteElo "2440"]
[BlackElo "2442"]
[Annotator "TA"]
[PlyCount "91"]
[EventDate "2022.06.16"]
[EventType "team-tourn"]
[EventCountry "FRA"]
[SourceTitle "playchess.com"]
[Source "ChessBase"]
[SourceQuality "1"]
[TimeControl "40/5400+30:1800+30"]

1. d4 c5 2. d5 Nf6 3. Nc3 d6 4. e4 g6 5. Nf3 a6 6. a4 {[%emt 0:01:19] Inhibits b5. A43: Schmid Benoni.} Bg4 7. Be2 Bxf3 8. Bxf3 {[%emt 0:00:05] White is better.} Nbd7 9. O-O Bg7 10. Bf4 O-O 11. Qd2 Ne8 12. Bh6 (12. Be2 $16) 12... Bxh6 $14 13. Qxh6 {[%emt 0:00:08] [#]} Nef6 $146 (13... e6 $14) ({Predecessor:} 13... Ng7 14. a5 Rc8 15. Bg4 c4 16. Qd2 f5 17. exf5 gxf5 18. Be2 Rc5 19. Ra4 Rxa5 20. Rxc4 {1-0 (52) Mirzoev,A (2545)-Roy Chowdhury,S (2391) Bratto 2012}) 14. a5 ({Better is} 14. Be2 $16) 14... b5 15. axb6 $1 Qxb6 16. Ra2 (16. Rfb1 {feels hotter.} c4 17. Be2 Qd4 18. Rd1) 16... Qb4 17. Qe3 Rfb8 18. Be2 Qd4 19. Qf4 (19. Bxa6 Qxe3 20. fxe3 Ng4 $11) 19... Ne8 20. Rd1 ({Reject} 20. Bxa6 Nc7 21. Ra4 Rb4 22. Rxb4 cxb4 $15) 20... Qg7 21. Qe3 ({Of course not} 21. Bxa6 Nc7 22. Qg4 Ne5 $15) 21... Nc7 22. b3 Rb4 23. f3 Qe5 24. Rda1 (24. f4 $16 Qg7 25. Ra5) 24... Nf6 (24... f5 $1 $11) 25. Bc4 ({Much weaker is} 25. Bxa6 $6 Nfxd5 $1 26. Nxd5 Nxd5 $11) 25... g5 26. Nd1 g4 27. Qc3 {[%emt 0:03:32] Strongly threatening Qxe5.} Qg5 28. Qe3 (28. Nf2 $16) 28... Qg6 (28... Qe5 $11 {remains equal.}) 29. Nf2 $16 gxf3 30. Qxf3 Rb6 31. Re1 Kh8 32. e5 Nd7 33. exd6 exd6 34. Nd3 {[%emt 0:01:11] Against Ne5. aiming for Re7.} Qf6 {[%emt 0:02:38] [#] Against Re7} (34... Re8 $16) 35. Qxf6+ $2 (35. Qh3 $1 $18 Qd4+ 36. Nf2) 35... Nxf6 $14 36. Nf4 {[%emt 0:01:13] And now Re7 would win.} Kg8 37. Re7 Rc8 38. Ra1 Kf8 39. Re3 {[%emt 0:00:41] 0x0.001763085a19dp-1022s more active pieces.} Re8 40. Rf3 Ng4 41. Ne6+ (41. Rh3 $16) 41... Nxe6 $11 42. dxe6 Ne5 43. Rf4 {[%emt 0:00:44] Black must now prevent Bd5.} Nxc4 44. exf7 Re7 {[%emt 0:00:08] Threatens to win with ...Ne3.} 45. Rxc4 Kxf7 46. Kf2 {[%emt 0:03:20] Weighted Error Value: White=0.24 (precise) /Black=0.21 (precise)} 1/2-1/2

[Event "FRA-ch Teams Top 16-Bas 2022"]
[Site "Chartres"]
[Date "2022.06.19"]
[Round "11.6"]
[White "Mekhane, Adam"]
[Black "Monpeurt, Cyrielle"]
[Result "1/2-1/2"]
[ECO "C77"]
[WhiteElo "2276"]
[BlackElo "2172"]
[Annotator "TA"]
[PlyCount "170"]
[EventDate "2022.06.16"]
[EventType "team-tourn"]
[EventCountry "FRA"]
[SourceTitle "playchess.com"]
[Source "ChessBase"]
[SourceQuality "1"]
[TimeControl "40/5400+30:1800+30"]

1. e4 e5 2. Nf3 Nc6 3. Bb5 a6 4. Ba4 Nf6 5. O-O b5 6. Bb3 Be7 7. d3 O-O 8. Nc3 d6 9. a3 Be6 {[%emt 0:03:10] 9...Rb8 is setting a new trend. C77: Ruy Lopez: 3...a6 4 Ba4 Nf6, unusual lines.} 10. Nd5 Nd4 11. Nxd4 exd4 {[%emt 0:00:34] The position is equal.} 12. Nxf6+ Bxf6 {[%emt 0:00:25] [#]} 13. Bd5 $146 ({Predecessor:} 13. Bxe6 fxe6 14. a4 c5 15. Qg4 Qd7 16. b3 c4 17. h4 cxd3 18. cxd3 b4 19. Bd2 {½-½ (54) Kramnik,V (2811)-Shirov,A (2664) Sochi 2017}) 13... Bxd5 14. exd5 Re8 15. Bd2 Qd7 16. Qf3 {[%emt 0:01:13] Prevents Qf5.} Re7 17. Rfe1 Rae8 18. Kf1 Re5 19. Bf4 Rxe1+ 20. Rxe1 Rxe1+ 21. Kxe1 $11 {[%emt 0:00:06][%mdl 4096] Endgame KQB-KQB} b4 (21... g6 $11) 22. axb4 $16 Qa4 23. b3 Qxb4+ 24. Bd2 Qc5 25. Qf5 {[%emt 0:02:20] Threatening mate with Qc8+.} h6 26. Kd1 $40 {[%emt 0:00:11][%mdl 128] Black is in trouble.} Be5 27. f4 Bf6 28. g3 Qb5 29. h4 a5 (29... Qe8 $16 {might work better.}) 30. h5 $18 c5 $2 (30... Qb8 31. g4 (31. Bxa5 Qa8 $16) 31... Be7) 31. Qc8+ Kh7 32. Qc7 {[%emt 0:00:57] Prevents Be7.} a4 33. bxa4 ({Weaker is} 33. Qxf7 axb3 34. Qg6+ Kg8 35. cxb3 Qxb3+ 36. Kc1 Qa4 $11) 33... Qxa4 34. Qxd6 ({Resist} 34. Qxf7 $6 c4 35. Qg6+ Kh8 $16) 34... c4 35. Qb4 $1 Qa1+ 36. Bc1 cxd3 37. cxd3 (37. Qa3 $1 $18 Qxa3 38. Bxa3) 37... Qa2 $14 38. d6 (38. Qb7 $5 Qa4+ 39. Ke2 $16) 38... Qg2 39. Qc5 {[%emt 0:12:53] Strongly threatening Qf5+.} Qxg3 40. Qf5+ Kg8 41. Qc8+ Kh7 42. d7 $2 (42. Qc4 $11) 42... Qxd3+ 43. Bd2 Qf1+ 44. Be1 Qf3+ 45. Kc1 Qxf4+ 46. Kb2 d3+ 47. Kb3 Qd4 (47... Qf3 $142 48. d8=R Bxd8) 48. Bc3 Qd5+ 49. Qc4 Qxd7 50. Qe4+ Kg8 51. Qa8+ Qd8 52. Qxd8+ Bxd8 $19 {[%emt 0:00:07] KB-KB} 53. Kc4 f5 $2 (53... g5 54. hxg6 fxg6 55. Kxd3 Kf7) 54. Kxd3 Kf7 55. Ke3 Bf6 56. Ba5 Be5 57. Kf3 g6 58. hxg6+ Kxg6 59. Bb6 h5 60. Bf2 Bf6 61. Kg3 Kf7 62. Kf4 Ke6 $1 63. Be1 $2 (63. Bb6 $19) 63... h4 64. Kf3 {[%emt 0:00:03] [#]} h3 $1 65. Bd2 Be5 66. Bc1 Kd5 67. Bh6 Kc4 68. Bg5 Kd3 69. Bh6 Kc2 70. Bg5 Kd1 71. Kf2 Bc3 $2 (71... Bc7 72. Be3 Kc2 73. Kf3 Kd3 74. Bg5 Bd6 75. Kf2 Ke4 76. Bh6 Bh2 77. Bf8 Bf4 78. Be7 Be5 79. Bg5 Bd6 80. Bh6 Bf4 81. Bf8 Be3+ 82. Kg3 f4+ 83. Kxh3 Kd3 84. Kg4 Ke2 85. Bb4 f3 86. Be1 Bf2 87. Bc3 Bc5 88. Be1 Be3 89. Bh4 Bf2 90. Bd8 Be3 91. Bh4 Bf2 92. Bf6 Be1 93. Bd4 Bd2 94. Kf5 Be3 95. Bh8 f2 96. Bf6 f1=Q+ 97. Ke6 Qh3+ 98. Kd6 Qh6 99. Ke7 Qh7+ 100. Ke8 Kf3 101. Be7 Ke4 102. Kf8 Kd5 103. Bf6 Ke6 104. Bg7 Bc5+ 105. Ke8 Qxg7 106. Kd8 Qd7#) 72. Bf4 $2 {[%emt 0:01:18] [#]} (72. Kg3 $19) 72... Bd2 $2 (72... Be1+ $1 {mates} 73. Kg1 Ke2 74. Bd6 Kf3 75. Kh2 Kg4 76. Bc7 Bd2 77. Kg1 Bf4 78. Bb6 Bg3 79. Be3 Bh4 80. Bd2 Bg5 81. Ba5 Be3+ 82. Kh2 f4 83. Be1 f3 84. Kh1 Bg5 85. Bf2 Bh4 86. Bg1 Bg3 87. Be3 Kf5 88. Bd4 Ke4 89. Bb6 Bf4 90. Bf2 Kd3 91. Be1 Bd2 92. Bg3 Ke2 93. Kh2 Be1 94. Kxh3 Bxg3 95. Kxg3 Ke3 96. Kg4 f2 97. Kf5 f1=Q+ 98. Ke5 Qb5+ 99. Kd6 Ke4 100. Ke6 Qe5+ 101. Kf7 Kf5 102. Kg8 Kf6 103. Kh8 Kf7+ 104. Kh7 Qh5#) 73. Bc7 $15 Be1+ 74. Kg1 Ke2 75. Kh2 Kf3 76. Kxh3 Bd2 77. Bd6 Bf4 78. Ba3 Be5 79. Bc1 Bd4 80. Bh6 Ke2 {[%emt 0:00:37] ( -> ...Be3)} 81. Kg3 Be3 82. Bf4 Bf2+ 83. Kg2 Be1 84. Bc7 Ke3 85. Kf1 Bd2 {[%emt 0:00:48] What a bad dream for Black.  Weighted Error Value: White=0.59/Black=0.32} 1/2-1/2

[Event "FRA-ch Teams Top 16-Bas 2022"]
[Site "Chartres"]
[Date "2022.06.19"]
[Round "11.7"]
[White "Bitbol-Delaveyne, Maelan"]
[Black "Shirazi, Kamran"]
[Result "1-0"]
[ECO "A30"]
[WhiteElo "2106"]
[BlackElo "2313"]
[Annotator "TA"]
[PlyCount "77"]
[EventDate "2022.06.16"]
[EventType "team-tourn"]
[EventCountry "FRA"]
[SourceTitle "playchess.com"]
[Source "ChessBase"]
[SourceQuality "1"]
[TimeControl "40/5400+30:1800+30"]

1. Nf3 Nf6 2. g3 b6 3. Bg2 Bb7 4. O-O c5 5. c4 g6 6. Nc3 {[%emt 0:01:44] A30: Symmetrical English: Double Fianchetto and Hedgehog.} Qc8 {[%emt 0:00:42] [#]} (6... Bg7 $11 {remains equal.}) 7. Re1 $146 ({Predecessor:} 7. b3 Bg7 8. Bb2 O-O 9. d4 cxd4 10. Qxd4 Nc6 11. Qd2 d6 12. e4 Rd8 13. Rfe1 {½-½ (27) Kozma,J-Mititelu,G Bucharest 1962}) 7... Bg7 8. e4 {[%emt 0:05:35] White is slightly better.} Nc6 9. d3 (9. d4 $14) 9... d6 $11 10. h3 O-O 11. Be3 e6 12. Rc1 a6 (12... Ne8 $11) 13. d4 $14 e5 14. dxe5 dxe5 15. Bg5 Nd7 16. Nd5 f6 17. Be3 Rf7 18. h4 Qd8 19. Bh3 Nf8 {[%emt 0:03:27] Prevents Be6.} 20. Qb3 Bc8 (20... Rb8 $1 $14) 21. Bxc8 $16 ({Don't do} 21. Qxb6 Bxh3 22. Qxc6 Ne6 $16) (21. Nxb6 $2 Rb8 22. Nxc8 (22. Bxc8 $2 Rxb6 23. Qc3 Qxc8 $19) 22... Rxb3 23. axb3 f5 $19) 21... Rxc8 22. Qxb6 ({Stronger than} 22. Nxb6 Na5 23. Rcd1 Nxb3 $15) 22... Qe8 23. Qxa6 {[%emt 0:05:37] aiming for Qa3. White is much more active.} (23. Bxc5 $2 Nd7 24. Qxa6 (24. Nc7 Rxc7 25. Qxc7 Nxc5 $17) 24... Nxc5 $17) 23... Ra7 (23... Ne6 $142) 24. Qb5 Rb8 $2 {[%emt 0:00:38] This costs Black the game.} (24... Ra5 $16 {keeps fighting.}) 25. Qxc5 {[%emt 0:01:05][%cal Oa2a4] Threatens to win with a4!} Ne6 26. Qd6 Rd8 {[%emt 0:00:06] [#]} 27. Qxc6 Qxc6 28. Bxa7 {[%emt 0:00:07] And now Ne7+ would win.} Kf7 {[%emt 0:03:31] Prevents Ne7.} 29. Be3 Bf8 30. b4 Qa4 31. c5 Rb8 32. Re2 Nxc5 $2 {[%emt 0:01:42] [#]} (32... Rxb4 33. Nxb4 Qxb4) 33. Bxc5 $18 {[%emt 0:00:37] White is clearly winning.} Bxc5 34. bxc5 Qa3 35. Rc3 Qa6 36. Re1 Qxa2 37. c6 Qb2 38. c7 Rc8 39. Rc6 {[%emt 0:00:31] Weighted Error Value: White=0.15 (very precise) /Black=0.38} 1-0

[Event "FRA-ch Teams Top 16-Bas 2022"]
[Site "Chartres"]
[Date "2022.06.19"]
[Round "11.8"]
[White "Aflalo, Sophie"]
[Black "Le Hay, Thierry"]
[Result "1-0"]
[ECO "C00"]
[WhiteElo "2152"]
[BlackElo "2031"]
[Annotator "TA"]
[PlyCount "67"]
[EventDate "2022.06.16"]
[EventType "team-tourn"]
[EventCountry "FRA"]
[SourceTitle "playchess.com"]
[Source "ChessBase"]
[SourceQuality "1"]
[TimeControl "40/5400+30:1800+30"]

1. e4 e6 2. d3 c5 3. Be2 Nc6 4. f4 d6 5. c3 g6 6. Nf3 {[%emt 0:00:56] C00: French: Unusual White 2nd moves.} Bg7 7. O-O Nge7 8. Qe1 {[%emt 0:00:32] The position is equal.} O-O 9. Nbd2 b5 {[%emt 0:03:15] [#]} 10. a3 $146 (10. e5 {keeps more tension.} b4 11. Ne4 dxe5 12. fxe5 Nxe5 13. Nxe5 Bxe5 14. Bh6) ({Predecessor:} 10. Qf2 b4 11. d4 bxc3 12. bxc3 cxd4 13. cxd4 Qb6 14. Nc4 Bxd4 15. Nxd4 Qxd4 16. Be3 Qxe4 17. Nxd6 {½-½ (74) Khalafova,N (2279)-Beydullayeva,G (2237) Playchess.com INT 2020}) 10... a5 11. Ng5 (11. Qh4 $11) 11... f6 12. Nh3 Bd7 13. Nf3 b4 14. Be3 bxc3 15. bxc3 f5 16. Kh1 Rb8 17. Bg1 Rb2 ({Black should play} 17... h6 $15) 18. e5 $11 dxe5 19. Bxc5 exf4 (19... Re8 $1 $15 {deserves consideration.}) 20. d4 {[%emt 0:00:00] aiming for Bc4.} Re8 $1 21. Bc4 $132 {[%emt 0:00:00][%mdl 2048] White is not keeping still} Nd5 {[%emt 0:00:00] [#] And now ...Ne3 would win.} 22. Qc1 Qb8 {[%emt 0:00:00] White must now prevent ...Ne3.} 23. Bxd5 exd5 24. Qxf4 (24. Bd6 $5 Qb5 25. Nxf4 $11) 24... Ree2 25. Qxb8+ Nxb8 26. Nf4 Rec2 27. Nxd5 Rxg2 28. Rab1 Bh6 (28... Bb5 $11 {remains equal.} 29. Rfe1 Nd7) 29. Bd6 Bc6 30. Ne7+ {[%emt 0:00:00] Pair of Knights!} Kf7 (30... Kg7 $16) 31. d5 $18 ({And not} 31. Ne5+ Ke6 32. Rxb2 (32. N5xc6 $2 Kxd6 33. Rxb2 Rxb2 $19) (32. Bxb8 $2 Rxh2+ 33. Kg1 Rh1#) 32... Rxb2+ 33. d5+ Bxd5+ 34. Nxd5 Kxd5 35. Rd1+ Rd2 36. Rxd2+ Bxd2 37. Bxb8 Bxc3 $11) 31... Bb5 32. c4 $1 {[%emt 0:00:00] The board is on fire.} Ba4 {[%emt 0:01:02] [#]} (32... Ba6) 33. Ne5+ Ke8 $2 (33... Kg7 {keeps fighting.} 34. Nd3 (34. Bxb8 $2 {gets mated.} Rxh2+ 35. Kg1 Rbg2#) 34... Rxb1 35. Rxb1 Rd2) 34. Nd3 {[%emt 0:00:33] Weighted Error Value: White=0.08 (flawless) /Black=0.33} 1-0

[Event "FRA-ch Teams Top 16-Bas 2022"]
[Site "Chartres"]
[Date "2022.06.19"]
[Round "11.9"]
[White "Crut, Aurelien"]
[Black "Dourerassou, Jonathan"]
[Result "1/2-1/2"]
[ECO "B51"]
[WhiteElo "2355"]
[BlackElo "2446"]
[Annotator "TA"]
[PlyCount "105"]
[EventDate "2022.06.16"]
[EventType "team-tourn"]
[EventCountry "FRA"]
[SourceTitle "playchess.com"]
[Source "ChessBase"]
[SourceQuality "1"]
[TimeControl "40/5400+30:1800+30"]

1. e4 c5 2. Nf3 d6 3. Bb5+ Nd7 4. c3 Ngf6 5. Qe2 a6 6. Ba4 b5 7. Bc2 Bb7 8. O-O e6 9. d4 {[%emt 0:00:54] B51: Sicilian: Moscow Variation (3 Bb5+) without 3...Bd7.} Be7 10. Re1 O-O {[%emt 0:06:06] 10...Qc7 is the hot move.} 11. Nbd2 Qc7 12. Nf1 Rfc8 13. Bd3 e5 14. Ng3 {[%emt 0:07:11] [#]} Bf8 $146 ({Predecessor:} 14... g6 15. Bg5 Bf8 16. Rad1 Bg7 17. d5 c4 18. Bc2 a5 19. h4 h5 20. Nh2 Re8 {0-1 (70) Kobalia,M (2614)-Giri,A (2764) Chess.com INT 2020}) 15. Bd2 Re8 16. d5 c4 17. Bc2 a5 (17... Reb8 $11 {remains equal.}) 18. a4 $16 Ba6 19. axb5 Bxb5 20. Ba4 Qb7 21. Bxb5 Qxb5 22. b4 (22. Bg5 $16) 22... axb4 $11 23. cxb4 Nb6 24. Rec1 Rec8 25. Ne1 Na4 26. Rc2 (26. Nc2 $14) 26... Nb6 27. Rca2 Ra4 (27... Rxa2 $11 28. Rxa2 Ra8 29. Rxa8 Nxa8) 28. Nc2 Rca8 29. Rxa4 Rxa4 30. Qe1 g6 31. f3 Nfd7 (31... c3 $5 32. Bxc3 Rxa1 33. Bxa1 (33. Qxa1 Qd3 $11) 33... Qd3 $14) 32. Ne2 {[%emt 0:01:07] [#] Nc3 is the strong threat.} Rxa1 33. Qxa1 {[%emt 0:00:41] aiming for Nc3.} Na4 34. Nc3 Nxc3 35. Qxc3 Nb6 {[%emt 0:02:39] [#]} (35... f5 $1 $14) 36. Be3 (36. Na3 $1 $16 Qa4 37. Kf2) 36... Na4 37. Qa3 f5 38. Kf2 Be7 39. g3 {[%emt 0:00:32] Inhibits f4.} Bd8 40. Ne1 Kf7 41. Nc2 c3 42. Qa1 f4 (42... Nb2 $5 43. Qa7+ Ke8 $17) 43. gxf4 Bh4+ 44. Kg1 {[%emt 0:00:19] Hoping for fxe5.} exf4 45. Bd4 Nb2 46. Qf1 (46. Qc1 $5 Nd3 47. Qf1 $16) 46... Qa4 {[%emt 0:04:32] The position is equal.} 47. Qh3 Qxc2 48. Qe6+ Kf8 49. Qc8+ Kf7 50. Qe6+ Kf8 51. Qc8+ Ke7 52. Qe6+ Kf8 {[%emt 0:00:05] ( -> ...Qd1+)} 53. Qc8+ {[%emt 0:00:06] Weighted Error Value: White=0.19 (very precise) /Black=0.14 (very precise)} 1/2-1/2

[Event "FRA-ch Teams Top 16-Bas 2022"]
[Site "Chartres"]
[Date "2022.06.19"]
[Round "11.10"]
[White "Sochacki, Christophe"]
[Black "Buscara, Sevan"]
[Result "1/2-1/2"]
[ECO "D27"]
[WhiteElo "2493"]
[BlackElo "2385"]
[Annotator "TA"]
[PlyCount "97"]
[EventDate "2022.06.16"]
[EventType "team-tourn"]
[EventCountry "FRA"]
[SourceTitle "playchess.com"]
[Source "ChessBase"]
[SourceQuality "1"]
[TimeControl "40/5400+30:1800+30"]

1. d4 d5 2. c4 e6 3. Nf3 dxc4 4. e3 a6 5. Bxc4 Nf6 6. O-O c5 7. a4 Nc6 8. Nc3 Be7 9. dxc5 Qxd1 10. Rxd1 Bxc5 11. Ng5 {[%emt 0:13:41] D27: Queen's Gambit Accepted: Classical main line: 7 e4!? and 7 a4.} Be7 12. Nge4 Nxe4 13. Nxe4 O-O 14. b3 {[%emt 0:00:00] [#]} Rd8 $146 ({Predecessor:} 14... b6 15. Be2 Rd8 16. Rxd8+ Nxd8 17. Ba3 Bxa3 18. Rxa3 e5 19. b4 Kf8 20. Kf1 Ke7 {½-½ (30) Wicklund Hansen,G (2107)-Larsen,S (2351) ICCF email 2004}) 15. Rxd8+ Nxd8 16. Bb2 Bd7 17. Rd1 Be8 (17... Bc6 $5 18. Nd6 Kf8 $11) 18. Nd6 Bxd6 19. Rxd6 Nc6 20. Bc3 {[%emt 0:00:00] Against Na5} Rd8 21. Rxd8 Nxd8 $14 {[%emt 0:00:04][%mdl 4096] Endgame KBB-KBN} 22. Ba5 Nc6 23. Bc7 Ne7 24. e4 b5 25. Bd3 bxa4 26. bxa4 Bxa4 27. Bxa6 Bb3 28. f3 Ng6 29. Kf2 e5 30. Bb7 f6 31. g3 Be6 32. Ke3 Kf7 33. Bd6 Ne7 34. f4 exf4+ 35. gxf4 g6 36. Kd4 Nc8 37. Bc5 Ne7 38. Ba3 h6 39. Bd5 Nxd5 40. exd5 $11 {[%emt 0:00:04] KB-KB} Bd7 41. Kc5 g5 42. Kd6 Bf5 43. fxg5 hxg5 44. Kc7 Ke8 45. Bb2 g4 (45... Kf7 $11) 46. Bxf6 $16 Bd7 47. Be5 Bf5 48. h4 (48. Bd4 $16) 48... gxh3 $11 49. Bh2 {[%emt 0:00:07] Weighted Error Value: White=0.07 (flawless) /Black=0.06 (flawless)} 1/2-1/2

[Event "FRA-ch Teams Top 16-Bas 2022"]
[Site "Chartres"]
[Date "2022.06.19"]
[Round "11.11"]
[White "Rouler, Charly"]
[Black "Dutreuil, Raphael"]
[Result "1-0"]
[ECO "A41"]
[WhiteElo "2345"]
[BlackElo "2309"]
[Annotator "TA"]
[PlyCount "39"]
[EventDate "2022.06.16"]
[EventType "team-tourn"]
[EventCountry "FRA"]
[SourceTitle "playchess.com"]
[Source "ChessBase"]
[SourceQuality "1"]
[TimeControl "40/5400+30:1800+30"]

1. Nf3 g6 2. g3 Bg7 3. d4 d6 4. Bg2 e5 5. dxe5 dxe5 6. Qxd8+ Kxd8 7. Nc3 {[%emt 0:00:10] 7.0-0 is the hot move.} f6 {[%emt 0:01:12] A41: 1 d4 d6: Tartakower System and Modern Defence.} 8. Bd2 {[%emt 0:02:35] [#] White is more active.} Be6 $146 {[%emt 0:35:18][%mdl 8192] [#]} ({Better is} 8... c6 $14) ({Predecessor:} 8... c6 9. Ne4 Kc7 10. O-O-O Na6 11. Ne1 Bg4 12. f3 Bf5 13. f4 Bh6 14. Nd3 exf4 15. gxf4 {1-0 (44) Dizdarevic,E (2509)-Burovic,I (2374) Sarajevo 2014}) 9. Ng5 $1 $18 fxg5 {[%emt 0:00:35] White is winning.} 10. Bxb7 c6 11. Bxa8 (11. Bxg5+ Kc7 12. Bxa8 Nf6 $16) 11... Kc7 12. b4 (12. Bxg5 Nd7 $16) 12... a6 13. a4 {[%emt 0:00:19] aiming for b5.} (13. Bxg5 Nh6 $14) 13... Ne7 14. b5 ({Not} 14. Bxg5 Nd5 $16) 14... Nd5 {[%emt 0:00:46] [#]} (14... Nd7 15. Bxc6 (15. Bxg5 e4 $18) (15. bxa6 Rxa8 16. Bxg5 Nf5 $17) 15... Nxc6 16. bxc6 Kxc6) 15. Nxd5+ {[%emt 0:00:00] White is clearly winning.} cxd5 16. e4 d4 17. O-O Kb6 18. bxa6 Nxa6 19. Rfb1+ Ka7 20. Bc6 {[%emt 0:00:00] Black got outplayed after the opening.  Weighted Error Value: White=0.12 (very precise) /Black=0.84} 1-0